AoeStats
← doofgod

African Clearing

504365684Analyzed
3v3 RM · 28d ago on Sep 5, 2026· 72m 49s· 6 players
Game mode
Random Map
Map size
Normal (6 player)
Population
200
Speed
Normal
Resources
Standard
Victory
Conquest
Starting age
Dark Age
Ending age
Imperial Age
RankedLock teamsTeams togetherTeam positionsShared explorationLock speedFull tech treeHidden civsTurbo modeCheats
Victory
Defeat
🇺🇸 Berbers · United States
1363
+12
🇺🇸 Huns · United States
1294
+15
🇺🇸 Mongols · United States
1293
+15
🇲🇽 Vietnamese · Mexico
1303
-15
🇮🇩 Hindustanis · Indonesia
1264
-14
🇲🇽 Huns · Mexico
1253
-13
(JP) JR
6:05 Loom
14:05 Feudal Age
15:33 Bloodlines
15:24 Town Watch
16:08 Forging
16:36 Scale Barding Armor
29:42 Double-Bit Axe
32:15 Castle Age
30:57 Horse Collar
32:51 Wheelbarrow
36:06 Light Cavalry
37:22 Marauders
39:17 Gold Mining
39:24 Fletching
39:34 Padded Archer Armor
40:39 Bow Saw
40:48 Heavy Plow
41:37 Bodkin Arrow
41:58 Elite Skirmisher
42:55 Leather Archer Armor
46:05 Thumb Ring
47:56 Hand Cart
47:40 Stone Mining
48:26 Gold Shaft Mining
49:32 Iron Casting
50:26 Town Patrol
52:18 Ballistics
54:00 Scale Mail Armor
53:22 Pikeman
54:02 Squires
56:57 Imperial Age
59:21 Chemistry
60:19 Parthian Tactics
62:38 Blast Furnace
61:55 Imperial Skirmisher
71:03 Two-Man Saw
69:53 Halberdier
koke
8:56 Loom
15:02 Feudal Age
19:34 Castle Age
18:41 Double-Bit Axe
24:22 Bow Saw
41:11 Fletching
41:21 Padded Archer Armor
45:57 Bodkin Arrow
49:17 Leather Archer Armor
54:23 Horse Collar
58:37 Imperial Age
56:48 Wheelbarrow
56:21 Heavy Plow
57:24 Ballistics
58:11 Hand Cart
57:42 Town Watch
59:00 Elite Rattan Archer
60:57 Chemistry
60:00 Bracer
60:31 Ring Archer Armor
62:19 Two-Man Saw
61:56 Crop Rotation
62:59 Paper Money
62:42 Chatras
63:35 Gold Mining
64:49 Town Patrol
64:58 Scale Barding Armor
65:04 Forging
65:48 Husbandry
66:01 Bloodlines
66:10 Elite Battle Elephant
68:05 Light Cavalry
wedus
5:07 Loom
15:22 Feudal Age
20:00 Castle Age
18:13 Bloodlines
21:28 Light Cavalry
23:37 Horse Collar
33:37 Imperial Age
33:27 Scale Barding Armor
35:33 Double-Bit Axe
36:23 Chain Barding Armor
37:05 Scale Mail Armor
38:59 Chain Mail Armor
40:09 Conscription
40:27 Hoardings
41:50 Heavy Plow
42:02 Bow Saw
43:17 Elite Ghulam
44:00 Squires
43:46 Arson
44:51 Forging
44:06 Hussar
47:15 Heavy Camel Rider
47:55 Husbandry
56:22 Imperial Camel Rider
60:38 Elite Skirmisher
61:30 Imperial Skirmisher
draps
3:51 Loom
13:01 Feudal Age
17:55 Castle Age
16:15 Double-Bit Axe
18:53 Bow Saw
21:55 Wheelbarrow
21:08 Town Watch
21:28 Fletching
23:58 Padded Archer Armor
23:49 Horse Collar
28:13 Bodkin Arrow
30:04 Bloodlines
29:55 Husbandry
30:25 Hand Cart
30:18 Padded Archer Armor
31:07 Ballistics
31:21 Leather Archer Armor
34:45 Thumb Ring
34:54 Heavy Plow
38:28 Imperial Age
37:35 Forging
37:26 Scale Mail Armor
37:24 Pikeman
38:04 Squires
39:08 Marauders
39:19 Scale Barding Armor
39:15 Bracer
38:40 Heavy Cavalry Archer
40:36 Chemistry
40:25 Parthian Tactics
40:59 Conscription
40:03 Halberdier
41:02 Chain Mail Armor
43:37 Chain Barding Armor
43:52 Iron Casting
44:40 Gold Mining
44:52 Elite Tarkan
47:56 Plate Barding Armor
54:01 Blast Furnace
59:41 Arson
59:57 Stone Mining
60:47 Gold Shaft Mining
61:03 Light Cavalry
62:36 Hussar
72:39 Masonry
72:25 Murder Holes
LeoOnTheGo
12:37 Feudal Age
10:53 Loom
14:33 Loom
14:58 Double-Bit Axe
17:31 Castle Age
23:15 Padded Archer Armor
23:09 Fletching
42:32 Wheelbarrow
43:24 Horse Collar
44:20 Bow Saw
47:19 Bodkin Arrow
47:35 Forging
47:30 Scale Barding Armor
47:56 Bloodlines
47:07 Light Cavalry
49:44 Iron Casting
49:41 Elite Skirmisher
50:28 Thumb Ring
50:43 Heavy Plow
52:13 Padded Archer Armor
52:38 Husbandry
60:16 Imperial Age
58:41 Ballistics
61:38 Bracer
61:55 Leather Archer Armor
62:40 Blast Furnace
62:01 Chain Barding Armor
62:13 Conscription
64:43 Chemistry
63:16 Hussar
66:11 Hand Cart
71:19 Drill
70:37 Capped Ram
doofgod
9:53 Loom
13:05 Feudal Age
13:57 Double-Bit Axe
14:41 Horse Collar
18:24 Scale Barding Armor
24:02 Forging
28:07 Castle Age
33:50 Town Watch
34:48 Fletching
41:51 Heavy Plow
44:45 Wheelbarrow
45:31 Chain Barding Armor
54:57 Hand Cart
59:23 Husbandry
61:38 Town Patrol
62:54 Bow Saw
65:58 Imperial Age
64:16 Chain Barding Armor
64:37 Iron Casting
64:33 Bloodlines
64:50 Bodkin Arrow
66:14 Gold Mining
66:15 Stone Mining
66:19 Cavalier
67:45 Plate Barding Armor
68:11 Blast Furnace
67:38 Conscription
68:02 Gold Shaft Mining
68:04 Crop Rotation
68:42 Kasbah
69:22 Stone Shaft Mining
70:14 Light Cavalry
72:18 Maghrebi Camels
Connection lost

Rejoining the realm…

Still unreachable

The connection could not be restored.

Session expired

The server has moved on; the page needs a fresh start.